SAAA
BRINKLEY BELUGAS @ PHOENIX HOTSPUR RESERVES
09/18/2034
 
TOP OF THE 1ST
Brinkley Belugas batting - Pitching for Phoenix Hotspur Reserves : LHP José Santiago
Pitching: LHP José Santiago
Batting: RHB Oscar Gandarilla 0-0: Called Strike
0-1: Ball
1-1: Fly out, F7 (Flyball, 7LMF)
Batting: RHB Rio Clark 0-0: Ball
1-0: Called Strike
1-1: Fly out, F7 (Flyball, 7)
Batting: RHB Wu-shiun Wang 0-0: Called Strike
0-1: Ground out 5-3 (Groundball, 5S)
Top of the 1st over - 0 runs, 0 hits, 0 errors, 0 left on base; Brinkley 0 - Phoenix 0
BOTTOM OF THE 1ST
Phoenix Hotspur Reserves batting - Pitching for Brinkley Belugas : LHP Gertjan van Hulst
Pitching: LHP Gertjan van Hulst
Batting: LHB Jason DeGeorge 0-0: SINGLE (Groundball, 34D)
Batting: RHB James Turner 0-0: Ground out 4-3 (Groundball, 34)
Jason DeGeorge to second
Batting: LHB Mare Riseley 0-0: Ball
1-0: Swinging Strike
1-1: Ball
2-1: DOUBLE (Flyball, 8LD)
Jason DeGeorge scores
Batting: RHB Hieronymus Bosch 0-0: Called Strike
0-1: Foul Ball, location: 2F
0-2: Ball
1-2: Ball
2-2: Ball
3-2: Strikes out swinging
Batting: RHB Carl Tucker 0-0: Ball
1-0: Called Strike
1-1: Ball
2-1: SINGLE (Flyball, 89S)
Mare Riseley to third
Runner from 3rd tries for Home, SAFE, no throw
Batting: RHB Solomon Norment 0-0: Ball
1-0: Called Strike
1-1: Foul Ball, location: 2F
1-2: Foul Ball, location: 2F
1-2: Strikes out swinging
Bottom of the 1st over - 2 runs, 3 hits, 0 errors, 1 left on base; Brinkley 0 - Phoenix 2
TOP OF THE 2ND
Brinkley Belugas batting - Pitching for Phoenix Hotspur Reserves : LHP José Santiago
Batting: RHB Cisco Feijoo 0-0: SINGLE (Line Drive, 8LS)
Batting: LHB Travis Towns 0-0: Ball
1-0: Ball
2-0: Ball
3-0: Base on Balls
Cisco Feijoo to second
Batting: RHB Hyeon-cheong Kim 0-0: Ball
1-0: Ball
2-0: Grounds into double play, 4-6-3 (Groundball, 34)
Cisco Feijoo to third
Batting: SHB Jorge Colón 0-0: Foul Ball, location: 2F
0-1: Swinging Strike
0-2: Strikes out swinging
Top of the 2nd over - 0 runs, 1 hit, 0 errors, 1 left on base; Brinkley 0 - Phoenix 2
BOTTOM OF THE 2ND
Phoenix Hotspur Reserves batting - Pitching for Brinkley Belugas : LHP Gertjan van Hulst
Batting: RHB Jim Justice 0-0: Ball
1-0: Called Strike
1-1: DOUBLE (Line Drive, 3D)
Batting: RHB Germán Alfaro 0-0: SINGLE (Groundball, 6MD)
Jim Justice to third
Runner from 3rd tries for Home, SAFE, no throw
Batting: RHB Satoshi Terada 0-0: Ball
1-0: Ball
2-0: Foul Ball, location: 2F
2-1: Foul Ball, location: 2F
2-2: Ground out 5-3 (Groundball, 56S)
Germán Alfaro to second
Batting: LHB Jason DeGeorge 0-0: Called Strike
0-1: Ground out 4-3 (Groundball, 4)
Germán Alfaro to third
Batting: RHB James Turner 0-0: Ball
1-0: Ground out 4-3 (Groundball, 34)
Bottom of the 2nd over - 1 run, 2 hits, 0 errors, 1 left on base; Brinkley 0 - Phoenix 3
TOP OF THE 3RD
Brinkley Belugas batting - Pitching for Phoenix Hotspur Reserves : LHP José Santiago
Batting: SHB Zuberi Mccray 0-0: Foul Ball, location: 2F
0-1: Ball
1-1: Ground out 6-3 (Groundball, 6)
Batting: LHB Weston Doyle 0-0: Foul Ball, location: 2F
0-1: Foul Ball, location: 2F
0-2: Ball
1-2: Foul Ball, location: 2F
1-2: Strikes out swinging
Batting: RHB Oscar Gandarilla 0-0: Called Strike
0-1: Ball
1-1: Hit by Pitch
Batting: RHB Rio Clark 0-0: Ball
1-0: Fly out, F7 (Flyball, 7)
Top of the 3rd over - 0 runs, 0 hits, 0 errors, 1 left on base; Brinkley 0 - Phoenix 3
BOTTOM OF THE 3RD
Phoenix Hotspur Reserves batting - Pitching for Brinkley Belugas : LHP Gertjan van Hulst
Batting: LHB Mare Riseley 0-0: Called Strike
0-1: Ball
1-1: Ball
2-1: Foul Ball, location: 2F
2-2: Ball
3-2: Base on Balls
Batting: RHB Hieronymus Bosch 0-0: Ball
1-0: Foul Ball, location: 2F
1-1: Fly out, F3 (Popup, 3S)
Batting: RHB Carl Tucker 0-0: Called Strike
0-1: Ball
1-1: Foul Ball, location: 2F
1-2: Ball
Mare Riseley is caught stealing 2nd base
2-2: Ball
3-2: Base on Balls
Batting: RHB Solomon Norment 0-0: Called Strike
0-1: Fly out, F9 (Flyball, 9S)
Bottom of the 3rd over - 0 runs, 0 hits, 0 errors, 1 left on base; Brinkley 0 - Phoenix 3
TOP OF THE 4TH
Brinkley Belugas batting - Pitching for Phoenix Hotspur Reserves : LHP José Santiago
Batting: RHB Wu-shiun Wang 0-0: Fly out, F9 (Flyball, 9LSF)
Batting: RHB Cisco Feijoo 0-0: Called Strike
0-1: Ball
1-1: Ball
2-1: Ground out 5-3 (Groundball, 56)
Batting: LHB Travis Towns 0-0: Foul Ball, location: 2F
0-1: Foul Ball, location: 2F
0-2: Ground out U3 (Groundball, 34S)
Top of the 4th over - 0 runs, 0 hits, 0 errors, 0 left on base; Brinkley 0 - Phoenix 3
BOTTOM OF THE 4TH
Phoenix Hotspur Reserves batting - Pitching for Brinkley Belugas : LHP Gertjan van Hulst
Batting: RHB Jim Justice 0-0: Ball
1-0: Foul Ball, location: 2F
1-1: Foul Ball, location: 2F
1-2: Ball
2-2: Strikes out looking
Batting: RHB Germán Alfaro 0-0: Swinging Strike
0-1: Foul Ball, location: 2F
0-2: Ground out 1-3 (Groundball, 13S)
Batting: RHB Satoshi Terada 0-0: Called Strike
0-1: Called Strike
0-2: Ball
1-2: SINGLE (Groundball, 56D)
Batting: LHB Jason DeGeorge 0-0: Ball
1-0: Foul Ball, location: 2F
1-1: Ball
2-1: Ball
3-1: Called Strike
3-2: Ground out 4-3 (Groundball, 4)
Bottom of the 4th over - 0 runs, 1 hit, 0 errors, 1 left on base; Brinkley 0 - Phoenix 3
TOP OF THE 5TH
Brinkley Belugas batting - Pitching for Phoenix Hotspur Reserves : LHP José Santiago
Batting: RHB Hyeon-cheong Kim 0-0: Swinging Strike
0-1: Ball
1-1: Called Strike
1-2: Foul Ball, location: 2F
1-2: Ball
2-2: Foul Ball, location: 2F
2-2: Foul Ball, location: 2F
2-2: Ball
3-2: Foul Ball, location: 2F
3-2: Foul Ball, location: 2F
3-2: Foul Ball, location: 2F
3-2: Strikes out swinging
Batting: SHB Jorge Colón 0-0: DOUBLE (Flyball, 8RD)
Batting: SHB Zuberi Mccray 0-0: Ball
1-0: Ball
2-0: Called Strike
2-1: Called Strike
2-2: Ball
3-2: Foul Ball, location: 2F
3-2: Strikes out swinging
Batting: LHB Weston Doyle 0-0: Called Strike
0-1: Ball
1-1: Swinging Strike
1-2: Strikes out looking
Top of the 5th over - 0 runs, 1 hit, 0 errors, 1 left on base; Brinkley 0 - Phoenix 3
BOTTOM OF THE 5TH
Phoenix Hotspur Reserves batting - Pitching for Brinkley Belugas : LHP Gertjan van Hulst
Batting: RHB James Turner 0-0: Foul Ball, location: 2F
0-1: Ball
1-1: Fly out, F8 (Flyball, 8RS)
Batting: LHB Mare Riseley 0-0: Foul Ball, location: 2F
0-1: Ground out U3 (Groundball, 34)
Batting: RHB Hieronymus Bosch 0-0: Ground out 4-3 (Groundball, 4)
Bottom of the 5th over - 0 runs, 0 hits, 0 errors, 0 left on base; Brinkley 0 - Phoenix 3
TOP OF THE 6TH
Brinkley Belugas batting - Pitching for Phoenix Hotspur Reserves : LHP José Santiago
Batting: RHB Oscar Gandarilla 0-0: Called Strike
0-1: Ball
1-1: Ground out 4-3 (Groundball, 4)
Batting: RHB Rio Clark 0-0: Ball
1-0: Called Strike
1-1: Ball
2-1: Called Strike
2-2: Ground out 6-3 (Groundball, 56D)
Batting: RHB Wu-shiun Wang 0-0: Foul Ball, location: 2F
0-1: DOUBLE (Line Drive, 7)
Batting: RHB Cisco Feijoo 0-0: Ground out 1-3 (Groundball, 15S)
Top of the 6th over - 0 runs, 1 hit, 0 errors, 1 left on base; Brinkley 0 - Phoenix 3
BOTTOM OF THE 6TH
Phoenix Hotspur Reserves batting - Pitching for Brinkley Belugas : LHP Gertjan van Hulst
Batting: RHB Carl Tucker 0-0: Ball
1-0: Swinging Strike
1-1: Hit by Pitch
Batting: RHB Solomon Norment 0-0: Bunted foul
0-1: Bunt missed!
0-2: Ball
1-2: Ball
2-2: Ball
3-2: Foul Ball, location: 2F
3-2: Base on Balls
Carl Tucker to second
Batting: RHB Jim Justice 0-0: Sac Bunt - play at first, batter OUT! 3-4
Carl Tucker to third
Solomon Norment to second
Pitching: LHP Felipe Casanova
Batting: RHB Germán Alfaro 0-0: Foul Ball, location: 2F
0-1: Fly out, F8 (Flyball, 78M)
Runner from 3rd tags up, OUT at HOME
Bottom of the 6th over - 0 runs, 0 hits, 0 errors, 1 left on base; Brinkley 0 - Phoenix 3
TOP OF THE 7TH
Brinkley Belugas batting - Pitching for Phoenix Hotspur Reserves : LHP José Santiago
Batting: LHB Travis Towns 0-0: Called Strike
0-1: Called Strike
0-2: Ball
1-2: Strikes out swinging
Batting: RHB Hyeon-cheong Kim 0-0: Ball
1-0: Called Strike
1-1: DOUBLE (Flyball, 8LXD)
Batting: SHB Jorge Colón 0-0: Ball
1-0: Called Strike
1-1: Ball
2-1: Ball
3-1: Base on Balls
Batting: SHB Zuberi Mccray 0-0: Called Strike
0-1: Ball
1-1: Ground out 5-3 (Groundball, 56S)
Hyeon-cheong Kim to third
Jorge Colón to second
Batting: LHB Weston Doyle 0-0: Ball
1-0: Fly out, F8 (Line Drive, 8RM)
Top of the 7th over - 0 runs, 1 hit, 0 errors, 2 left on base; Brinkley 0 - Phoenix 3
BOTTOM OF THE 7TH
Phoenix Hotspur Reserves batting - Pitching for Brinkley Belugas : LHP Felipe Casanova
Batting: RHB Satoshi Terada 0-0: Foul Ball, location: 2F
0-1: Foul Ball, location: 2F
0-2: Foul Ball, location: 2F
0-2: SINGLE (Groundball, 6MD)
Batting: LHB Jason DeGeorge 0-0: Fielders Choice at 2nd, 3-6 (Groundball, 3)
Batting: RHB James Turner 0-0: Ball
1-0: Ball
2-0: Ball
3-0: Called Strike
3-1: Ground out 5-3 (Groundball, 5S)
Jason DeGeorge to second
Batting: LHB Mare Riseley 0-0: Ball
1-0: Called Strike
1-1: Foul Ball, location: 2F
1-2: Ball
2-2: Strikes out swinging
Bottom of the 7th over - 0 runs, 1 hit, 0 errors, 1 left on base; Brinkley 0 - Phoenix 3
TOP OF THE 8TH
Brinkley Belugas batting - Pitching for Phoenix Hotspur Reserves : LHP José Santiago
Batting: RHB Oscar Gandarilla 0-0: Ball
1-0: Ball
2-0: Ball
3-0: Called Strike
3-1: SINGLE (Groundball, 4MD)
Batting: RHB Rio Clark 0-0: Ball
1-0: Called Strike
1-1: Foul Ball, location: 2F
1-2: Ball
2-2: Fly out, F8 (Flyball, 8LD)
Batting: RHB Wu-shiun Wang 0-0: Foul Ball, location: 2F
0-1: Ball
1-1: Fly out, F8 (Flyball, 8LD)
Batting: RHB Cisco Feijoo 0-0: Ball
1-0: Foul Ball, location: 2F
1-1: Ball
2-1: Fly out, F8 (Flyball, 8LS)
Top of the 8th over - 0 runs, 1 hit, 0 errors, 1 left on base; Brinkley 0 - Phoenix 3
BOTTOM OF THE 8TH
Phoenix Hotspur Reserves batting - Pitching for Brinkley Belugas : LHP Felipe Casanova
Batting: RHB Hieronymus Bosch 0-0: Called Strike
0-1: Ball
1-1: Ball
2-1: Fly out, F7 (Flyball, 7)
Batting: RHB Carl Tucker 0-0: Ball
1-0: Ball
2-0: Ball
3-0: Base on Balls
Batting: RHB Solomon Norment 0-0: Ball
1-0: Called Strike
1-1: Ball
2-1: Foul Ball, location: 2F
2-2: Fielders Choice at 2nd, 4-6 (Groundball, 4)
Batting: RHB Jim Justice 0-0: Ball
1-0: Ball
2-0: Foul Ball, location: 2F
2-1: Foul Ball, location: 2F
2-2: SINGLE (Line Drive, 4D)
Solomon Norment to second
Runner from 2nd tries for 3rd, SAFE, no throw
Batting: RHB Germán Alfaro 0-0: Ball
1-0: Called Strike
1-1: Swinging Strike
1-2: SINGLE (Line Drive, 56)
Solomon Norment scores
Jim Justice to second
Batting: RHB Satoshi Terada 0-0: Ball
1-0: Ball
2-0: Called Strike
2-1: Swinging Strike
2-2: Strikes out swinging
Bottom of the 8th over - 1 run, 2 hits, 0 errors, 2 left on base; Brinkley 0 - Phoenix 4
TOP OF THE 9TH
Brinkley Belugas batting - Pitching for Phoenix Hotspur Reserves : LHP José Santiago
Batting: LHB Travis Towns 0-0: Called Strike
0-1: Called Strike
0-2: Ball
1-2: Ball
2-2: Ball
3-2: Base on Balls
Batting: RHB Hyeon-cheong Kim 0-0: Ball
1-0: Ball
2-0: Ball
3-0: Foul Ball, location: 2F
3-1: Base on Balls
Travis Towns to second
Pitching: RHP Dennis Dunn
Batting: SHB Jorge Colón 0-0: SINGLE (Flyball, 78M)
Travis Towns to third
Hyeon-cheong Kim to second
Batting: SHB Zuberi Mccray 0-0: Foul Ball, location: 2F
0-1: Fly out, F9 (Line Drive, 9D)
Runner from 3rd tags up, SCORES, no throw
Batting: LHB Weston Doyle 0-0: Fly out, F4 (Line Drive, 4)
Pinch Hitting: SHB Júlio González 0-0: Swinging Strike
0-1: SINGLE (Groundball, 4MD)
Hyeon-cheong Kim to third
Jorge Colón to second
Batting: RHB Rio Clark 0-0: Ball
1-0: SINGLE (Line Drive, 56D)
Hyeon-cheong Kim scores
Jorge Colón to third
Júlio González to second
Batting: RHB Wu-shiun Wang 0-0: Ball
1-0: Ball
2-0: Foul Ball, location: 2F
2-1: Ground out 2-3 (Groundball, 2L)
Top of the 9th over - 2 runs, 3 hits, 0 errors, 3 left on base; Brinkley 2 - Phoenix 4
Friday, March 29th, 2019 - OOTP Baseball 18.8 Build 76